 Dungeon Crawl Stone Soup version 0.31-a0-636-ge1c0e020e0 (webtiles) character file.

Game seed: 4669196095652689116

1112 rvierbuc the Geomancer (level 8, 0/41 HPs)
             Began as a Gargoyle Earth Elementalist on Aug 27, 2023.
             Was an Initiate of Vehumet.
             Slain by a wight
             ... wielding a +1 trident
              (2 damage)
             ... on level 6 of the Dungeon.
             The game lasted 00:14:46 (5066 turns).

rvierbuc the Geomancer (GrEE)                       Turns: 5066, Time: 00:14:47

Health: 0/41       AC:  8    Str: 11    XL:     8   Next: 33%
Magic:  2/18       EV: 12    Int: 19    God:    Vehumet [......]
Gold:   353        SH:  0    Dex: 16    Spells: 13/20 levels left

rFire   . . .        g - +0 whip (venom)
rCold   . . .        (no shield)
rNeg    + . .        a - +0 robe
rPois   ∞            (no helmet)
rElec   +            (no cloak)
rCorr   .            (no gloves)
SInv    .            K - +0 pair of boots
Will    .....        (no amulet)
Stlth   ++           o - ring of wizardry
HPRegen 0.26/turn    u - +6 ring of dexterity
MPRegen 0.16/turn

%: wizardry (x1)
@: no status effects
A: sickness immunity, AC +5, negative energy resistance 1, electricity
resistance, torment resistance 1, petrification resistance
a: Renounce Religion


You were on level 6 of the Dungeon.
You worshipped Vehumet.
Vehumet was noncommittal.
You visited 2 branches of the dungeon, and saw 7 of its levels.

You collected 353 gold pieces.

Inventory:

Hand Weapons
 d - a +0 quarterstaff
 g - a +0 whip of venom (weapon)
 m - a +0 spectral quarterstaff
 q - a +2 heavy spear
 z - a +2 flail of protection
 A - a +1 short sword of speed
 E - a +2 whip of draining
 J - a +3 rapier
Missiles
 D - a throwing net
Armour
 a - a +0 robe (worn)
 K - a +0 pair of boots (worn)
Jewellery
 o - a ring of wizardry (left hand)
 u - a +6 ring of dexterity (right hand)
 v - a ring of resist corrosion
 B - a ring of willpower
 C - a ring of fire
 F - an amulet of faith
Talismans
 i - a blade talisman
 p - a maw talisman
Scrolls
 f - 3 scrolls of teleportation {unknown}
 j - 2 scrolls of poison {unknown}
 k - 5 scrolls of identify {unknown}
 s - a scroll of torment {unknown}
 t - 2 scrolls of enchant weapon {unknown}
 x - a scroll of noise {unknown}
 y - a scroll of summoning {unknown}
 L - 2 scrolls of amnesia {unknown}
 M - 2 scrolls of enchant armour {unknown}
Potions
 b - a potion of magic
 c - a potion of attraction {unknown}
 e - a potion of invisibility {unknown}
 h - a potion of berserk rage {unknown}
 l - a potion of might {unknown}
 n - a potion of cancellation {unknown}
 r - 2 potions of curing {unknown}
 w - a potion of heal wounds {unknown}
 G - a potion of mutation {unknown}
 H - a potion of haste {unknown}
 I - a potion of enlightenment {unknown}


   Skills:
 + Level 0.2 Fighting
 + Level 0.1 Staves
 + Level 2.0 Dodging
 + Level 2.8 Stealth
 + Level 0.2 Unarmed Combat
 + Level 6.6 Spellcasting
 + Level 0.7 Transmutations
 + Level 8.1 Earth Magic


You had 13 spell levels left.
You knew the following spells:

 Your Spells              Type           Power      Damage    Failure   Level
a - Sandblast             Erth           74%        2d16      1%          1
b - Passwall              Tmut/Erth      19%        N/A       1%          2
c - Slow                  Hex            24%        N/A       4%          1
d - Stone Arrow           Conj/Erth      42%        3d9       2%          3

Your spell library contained the following spells:

 Spells                   Type           Power      Damage    Failure   Level
 Freeze                   Ice            24%        1d4       4%          1
 Petrify                  Tmut/Erth      23%        N/A       7%          4
 Confusing Touch          Hex            6%         N/A       13%         3
 Frozen Ramparts          Ice            12%        1d2       13%         3
 Hailstorm                Conj/Ice       6%         3d4       13%         3
 Vampiric Draining        Necr           6%         2d6       13%         3


Dungeon Overview and Level Annotations

Branches:
Dungeon (6/15)             Temple (1/1) D:5

Altars:
Ashenzari
Cheibriados
Dithmenos
Elyvilon
Fedhas
Hepliaklqana
Kikubaaqudgha
Makhleb
Nemelex Xobeh
Okawaru
Ru
Sif Muna
Uskayaw
Vehumet
Wu Jian
Xom
Yredelemnul
Zin

Shops:
D:4 [


Innate Abilities, Weirdness & Mutations

You are immune to sickness and miasma.
Your stone body is resilient. (AC +5)
You are immune to poison.
You resist negative energy. (rN+)
You are resistant to electric shocks. (rElec)
You are resistant to unholy torment.
You are immune to petrification.


Message History

The wight hits you from afar with a +1 trident.
The wight hits you from afar with a +1 trident!
* * * LOW HITPOINT WARNING * * *
You are too injured to fight recklessly!
Aiming: Sandblast (safe; 1% risk of failure)
Press: ? - help, Q - select action, (/) - cycle Shift-Dir - straight line, f - wight
Aim: a wight, wielding a +1 trident and wearing a +0 robe (84% to hit)
The blast of sand hits the wight.
The wight is moderately damaged.
The wight barely misses you.
Aiming: Sandblast (safe; 1% risk of failure)
Press: ? - help, Q - select action, (/) - cycle Shift-Dir - straight line, f/p - wight
Aim: a wight, wielding a +1 trident and wearing a +0 robe (moderately damaged, 84% to hit)
The blast of sand misses the wight.
The wight closely misses you.
The wight hits you from afar with a +1 trident!
* * * LOW HITPOINT WARNING * * *
Aiming: Sandblast (safe; 1% risk of failure)
Press: ? - help, Q - select action, (/) - cycle Shift-Dir - straight line, f/p - wight
Aim: a wight, wielding a +1 trident and wearing a +0 robe (moderately damaged, 84% to hit)
The blast of sand hits the wight!
The wight is severely damaged.
The wight closely misses you.
Aiming: Sandblast (safe; 1% risk of failure)
Press: ? - help, Q - select action, (/) - cycle Shift-Dir - straight line, f/p - wight
Aim: a wight, wielding a +1 trident and wearing a +0 robe (severely damaged, 84% to hit)
The blast of sand hits the wight but does no damage.
The wight is severely damaged.
The wight misses you.
The wight hits you from afar with a +1 trident.
* * * LOW HITPOINT WARNING * * *
Things that are here:
a +0 trident; a +0 robe
Aiming: Sandblast (safe; 1% risk of failure)
Press: ? - help, Q - select action, (/) - cycle Shift-Dir - straight line, f/p - wight
Aim: a wight, wielding a +1 trident and wearing a +0 robe (heavily damaged, 84% to hit)
The blast of sand hits the wight but does no damage.
The wight is heavily damaged.
The wight hits you from afar with a +1 trident.
You die...

############ #...........
#.#......... #.#.........
#.#......... #.#.))......
##########+##.#@)z......
..............#.#.......
########.......#.########
.......'...........?..>.
########.......#######..
# ##.......... #
#.......... #
#..........# ##
#..........#


You could see a wight.

Vanquished Creatures
  2 water moccasins
  2 ice beasts
  A scorpion (D:4)
  4 wights (D:6)
  2 hounds
  A gnoll bouda (D:5)
  2 iguanas
  An orc wizard (D:4)
  5 adders
  10 gnolls
  A shadow imp (D:6)
  An ufetubus (D:4)
  2 worms
  2 dart slugs
  15 orcs
  5 ball pythons
  6 endoplasms
  3 giant cockroaches
  4 goblins
  14 hobgoblins
  8 jackals
  12 kobolds
  11 quokkas
  5 bats
  5 frilled lizards
  7 rats
131 creatures vanquished.

Notes
Turn   | Place    | Note
-------+----------+-------------------------------------------
     0 | D:1      | rvierbuc the Gargoyle Earth Elementalist began the quest
                  | for the Orb.
     0 | D:1      | Reached XP level 1. HP: 10/10 MP: 3/3
   146 | D:1      | Reached XP level 2. HP: 5/15 MP: 1/5
   396 | D:1      | Reached XP level 3. HP: 19/19 MP: 2/7
   839 | D:1      | Reached skill level 4 in Earth Magic
   920 | D:1      | You fall into a shaft and drop 1 floor!
  1247 | D:2      | Reached XP level 4. HP: 24/24 MP: 8/8
  1809 | D:3      | Found a broken altar of Ashenzari.
  1965 | D:3      | Reached XP level 5. HP: 16/28 MP: 4/10
  1971 | D:3      | Learned a level 2 spell: Passwall
  1973 | D:3      | Learned a level 1 spell: Slow
  1977 | D:3      | Learned a level 3 spell: Stone Arrow
  2215 | D:3      | Found a faded altar of an unknown god.
  2601 | D:4      | Reached skill level 5 in Earth Magic
  2802 | D:4      | Found a shimmering blue altar of Sif Muna.
  2837 | D:4      | Reached XP level 6. HP: 32/32 MP: 8/12
  3495 | D:4      | Found Poifalied's Armour Shoppe.
  3825 | D:5      | Entered Level 5 of the Dungeon
  3836 | D:5      | Noticed an ice beast
  3848 | D:5      | Killed an ice beast
  3849 | D:5      | Reached skill level 5 in Spellcasting
  3849 | D:5      | Reached skill level 6 in Earth Magic
  3849 | D:5      | Reached XP level 7. HP: 11/36 MP: 5/14
  4243 | D:5      | Found a staircase to the Ecumenical Temple.
  4253 | Temple   | Entered the Ecumenical Temple
  4284 | Temple   | Became a worshipper of Vehumet
  4413 | D:5      | Found a blossoming altar of Fedhas.
  4634 | D:5      | Reached skill level 7 in Earth Magic
  5047 | D:6      | Reached XP level 8. HP: 35/41 MP: 13/17
  5060 | D:6      | Reached skill level 8 in Earth Magic
  5064 | D:6      | HP: 2/41 [wight/+1 trident (2)]
  5066 | D:6      | Slain by a wight

Illustrated notes

Levels and vault maps discovered:
D:1:      matt_arrival_los_fun, layout_loops_cross
D:2:      layout_basic, minmay_tiny_reverse_x
D:3:      layout_loops_ring, nicolae_ashenzari_panopticon,
          dreamdust_ecumenical_altar_angels_and_demons
D:4:      layout_loops_corners, mainiacjoe_overflow_tiny_flanked, serial_shops,
          shop
D:5:      layout_gridville, mainiacjoe_overflow_cross_hatched,
          minmay_temple_entry_ruins, due_unseen_surprise
D:6:      layout_basic
Temple:   nicolae_temple_bog_church

Skill      XL: |  1  2  3  4  5  6  7  8 |
---------------+-------------------------+-----
Spellcasting   | 3 4 5 6 |  6.6
Earth Magic    | 4 5 6 7 8 |  8.1
Dodging        | 2 |  2.0
Fighting       | |  0.2
Staves         | |  0.1
Stealth        | |  2.8
Unarmed Combat | |  0.2
Transmutations | |  0.7

Action                     |  1- 3 |  4- 6 |  7- 9 || total
---------------------------+-------+-------+-------++-------
  Melee: Unarmed           |    20 |       |       ||    20
         Quarterstaff      |     9 |       |       ||     9
         Whip              |     2 |     9 |     2 ||    13
   Cast: Sandblast         |    59 |   111 |    53 ||   223
 Armour: Robe              |    11 |    28 |     3 ||    42
  Dodge: Dodged            |    35 |    37 |    18 ||    90

Table legend: (Time is in decaauts)
 A = Elapsed time spent in this place.
 B = Non-inter-level travel time spent in this place.
 C = Inter-level travel time spent in this place.
 D = Time resting spent in this place.
 E = Time spent auto-exploring this place.
 F = Levels seen in this place.
 G = Mean time per level.
                   A        B        C        D        E       F      G
               +--------+--------+--------+--------+--------+-----+--------+
         Total |   5178 |   4914 |    264 |    113 |   3982 |   7 |  739.7 |
       Dungeon |   5128 |   4911 |    217 |    113 |   3982 |   6 |  854.7 |
        Temple |     49 |      2 |     47 |      0 |      0 |   1 |   49.0 |
               +--------+--------+--------+--------+--------+-----+--------+

Top non-repeatable levels by time:
     D:4: 1256 daAuts
     D:5: 958 daAuts
     D:1: 943 daAuts
     D:3: 879 daAuts
     D:2: 826 daAuts
     D:6: 263 daAuts
  Temple: 49 daAuts
